 Dungeon Crawl Stone Soup version 0.29-a0-582-ge82337ba6a (webtiles) character file.

Game seed: 5607054473926716228

852 CowFu the Insei (level 8, -2/60 HPs)
             Began as a Gnoll Transmuter on June 14, 2022.
             Was a Believer of Qazlal.
             Killed by divine providence
             ... invoked by an orc priest
              (15 damage)
             ... on level 5 of the Dungeon.
             The game lasted 00:05:49 (5002 turns).

CowFu the Insei (Gnoll Transmuter)                  Turns: 5002, Time: 00:05:50

Health: -2/60      AC:  2    Str: 12    XL:     8   Next: 1%
Magic:  10/16      EV: 22    Int: 13    God:    Qazlal [**....]
Gold:   226        SH:  2    Dex: 17    Spells: 7/18 levels left

rFire   . . .      SeeInvis +     - Unarmed
rCold   . . .      Faith    .   (shield currently unavailable)
rNeg    . . .      Spirit   .   (body armour currently unavailable)
rPois   x          Reflect  .   (helmet currently unavailable)
rElec   .          Harm     .   (cloak currently unavailable)
rCorr   .          Rampage  .   (gloves currently unavailable)
Will    .....                   (boots currently unavailable)
Stlth   ++........              k - amulet of the acrobat
HPRegen 0.20/turn               d - ring of see invisible
MPRegen 0.15/turn               h - ring of wizardry

@: spider-form, wereblooded
A: venomous fangs, tiny, (fangs 1), strong nose, distributed training
a: End Transformation, Renounce Religion, Upheaval


You were on level 5 of the Dungeon.
You worshipped Qazlal.
Qazlal was pleased with you.
You were a venomous arachnid creature.
You visited 1 branch of the dungeon, and saw 5 of its levels.

You collected 226 gold pieces.

Inventory:

Missiles
 w - 3 throwing nets
Armour
 a - a +1 robe (melded)
 o - a +0 pair of gloves (melded)
 v - a scarf of resistance (melded)
Jewellery
 d - a ring of see invisible (left front leg)
 h - a ring of wizardry (right front leg)
 k - an amulet of the acrobat (around neck)
 q - a +4 ring of evasion
Wands
 n - a wand of iceblast (8)
Scrolls
 c - a scroll of identify
 e - a scroll of enchant armour
 i - 3 scrolls of blinking
 m - a scroll of enchant weapon {unknown}
 r - a scroll of fog
Potions
 b - 2 potions of lignification
 f - 3 potions of curing
 g - a potion of resistance
 j - a potion of attraction
 l - a potion of magic {unknown}
 p - a potion of degeneration
 s - a potion of ambrosia {unknown}
 t - 2 potions of brilliance {unknown}


   Skills:
 + Level 3.9 Fighting
 + Level 2.8 Short Blades
 + Level 2.8 Long Blades
 + Level 2.8 Axes
 + Level 2.8 Maces & Flails
 + Level 2.8 Polearms
 + Level 2.8 Staves
 + Level 2.8 Slings
 + Level 2.8 Bows
 + Level 2.8 Crossbows
 + Level 2.8 Throwing
 + Level 2.8 Armour
 + Level 5.4 Dodging
 + Level 2.8 Stealth
 + Level 2.8 Shields
 + Level 7.2 Unarmed Combat
 + Level 5.8 Spellcasting
 + Level 2.3 Conjurations
 + Level 2.3 Hexes
 + Level 2.3 Summonings
 + Level 2.3 Necromancy
 + Level 2.3 Translocations
 + Level 4.5 Transmutations
 + Level 2.3 Fire Magic
 + Level 2.3 Ice Magic
 + Level 2.3 Air Magic
 + Level 2.3 Earth Magic
 + Level 2.3 Poison Magic
 + Level 3.1 Invocations
 + Level 2.8 Evocations


You had 7 spell levels left.
You knew the following spells:

 Your Spells              Type           Power      Damage    Failure   Level
a - Beastly Appendage     Tmut           30%        N/A       4%          1
b - Wereblood             Tmut           15%        N/A       5%          2
c - Spider Form           Tmut/Pois      12%        N/A       12%         3
d - Blade Hands           Tmut           7%         N/A       45%         5

Your spell library contained the following spells:

 Spells                   Type           Power      Damage    Failure   Level
 Poisonous Vapours        Pois/Air       18%        N/A       10%         2
 Portal Projectile        Hex/Tloc       18%        N/A       17%         3
 Tukima's Dance           Hex            9%         N/A       17%         3
 Ice Form                 Ice/Tmut       12%        N/A       30%         4
 Corpse Rot               Necr/Pois/Air  9%         N/A       41%         4


Dungeon Overview and Level Annotations

Branches:
Dungeon (5/15)
 Temple: D:4-7

Altars:
Qazlal
Uskayaw
Beogh

Shops:
D:1 !


Innate Abilities, Weirdness & Mutations

You are a venomous arachnid creature.
You have poisonous fangs.
You are tiny and dextrous.
Your spellcasting is less reliable in this form.
Your armour is entirely melded.
You are incapable of wielding weapons or throwing items.
((You have very sharp teeth.))
Your uncanny sense of smell can sniff out nearby items.
Your experience applies equally to all skills.


Message History

Confirm with . or Enter, or press ? or * to list all spells.
Your blood is infused with primal strength.
The howler monkey hoots and howls with incredible vigour!
The phantom closely misses you.
The orc priest mumbles some strange prayers to Beogh against you.
Beogh smites you!
* * * LOW HITPOINT WARNING * * *
You hear an angry hiss.
You bite the phantom!
You feel a bit better.
You destroy the phantom!
Qazlal accepts your kill.
You can now call upon nature to destroy your foes.
You have reached level 8!
You feel stronger.
You feel better.
The howler monkey completely misses you.
The howler monkey barely misses you.
You bite the howler monkey!
The howler monkey is poisoned.
The howler monkey is moderately wounded.
Your transformation has ended.
Your scarf of resistance unmelds from your body.
Your +0 pair of gloves unmelds from your body.
Your +1 robe unmelds from your body.
You feel resistant to extremes of temperature.
The howler monkey hits you but does no damage.
You barely miss the howler monkey.
The howler monkey is moderately wounded.
The orc priest begins to cast a cantrip, but forgets the words!
The howler monkey hits you.
Casting: Wereblood (safe; 1% risk of failure)
Confirm with . or Enter, or press ? or * to list all spells.
You turn into a venomous arachnid creature.
Your scarf of resistance melds into your body.
Your +0 pair of gloves melds into your body.
Your +1 robe melds into your body.
You feel hot and cold all over. The howler monkey hits you.
* * * LOW HITPOINT WARNING * * *
The orc priest mumbles some strange prayers to Beogh against you.
Beogh smites you!
You die... .. ###'### # ..#.....#.# .#.....#. # '..o..' #### .ooo. '... ooo

# ###h### # #..s☼.##
'.# # ##.....## #.# #
##.....## #.## #
##.....## #..# #
##.....###..#####
+#######'####........
.....................
.....###.#..)........
##.#.###.##.....<....


You could see a howler monkey (very poisoned), 2 orc priests, an orc wizard
(invisible) and 4 orcs.

Vanquished Creatures
  The ghost of Soflo the Magician, an amateur DjHW (D:3)
  A phantom (D:5)
  4 necrophages
  A howler monkey (D:4)
  2 hounds
  3 orc priests (D:4)
  3 iguanas (D:4)
  3 gnolls (D:3)
  7 adders
  A shadow imp (D:5)
  A worm (D:4)
  2 dart slugs
  10 orcs
  10 ball pythons
  5 bats
  6 endoplasms
  3 giant cockroaches
  12 goblins
  6 hobgoblins
  2 jackals (D:1)
  4 quokkas
  5 frilled lizards
  8 kobolds
  5 rats
105 creatures vanquished.

Notes
Turn   | Place    | Note
-------+----------+-------------------------------------------
     0 | D:1      | CowFu the Gnoll Transmuter began the quest for the Orb.
     0 | D:1      | Reached XP level 1. HP: 17/17 MP: 6/6
   195 | D:1      | Reached XP level 2. HP: 15/23 MP: 7/7
   704 | D:1      | Found Lulelyu's Distillery.
   806 | D:1      | Learned a level 2 spell: Wereblood
   920 | D:2      | Reached XP level 3. HP: 28/28 MP: 7/9
   958 | D:2      | Reached skill level 5 in Spellcasting
  1277 | D:2      | Reached skill level 1 in Invocations
  1287 | D:2      | Reached skill level 1 in Short Blades
  1287 | D:2      | Reached skill level 1 in Long Blades
  1287 | D:2      | Reached skill level 1 in Axes
  1287 | D:2      | Reached skill level 1 in Maces & Flails
  1287 | D:2      | Reached skill level 1 in Polearms
  1287 | D:2      | Reached skill level 1 in Staves
  1287 | D:2      | Reached skill level 1 in Slings
  1287 | D:2      | Reached skill level 1 in Bows
  1287 | D:2      | Reached skill level 1 in Crossbows
  1287 | D:2      | Reached skill level 1 in Throwing
  1287 | D:2      | Reached skill level 1 in Armour
  1287 | D:2      | Reached skill level 1 in Stealth
  1287 | D:2      | Reached skill level 1 in Shields
  1287 | D:2      | Reached skill level 1 in Evocations
  1287 | D:2      | Reached XP level 4. HP: 21/34 MP: 11/11
  1713 | D:2      | Found a stormy altar of Qazlal.
  1758 | D:2      | Became a worshipper of Qazlal Stormbringer
  1947 | D:3      | Noticed a necrophage
  1956 | D:3      | Killed a necrophage
  1957 | D:3      | Reached skill level 1 in Conjurations
  1957 | D:3      | Reached skill level 1 in Hexes
  1957 | D:3      | Reached skill level 1 in Summonings
  1957 | D:3      | Reached skill level 1 in Necromancy
  1957 | D:3      | Reached skill level 1 in Translocations
  1957 | D:3      | Reached skill level 1 in Fire Magic
  1957 | D:3      | Reached skill level 1 in Ice Magic
  1957 | D:3      | Reached skill level 1 in Air Magic
  1957 | D:3      | Reached skill level 1 in Earth Magic
  1957 | D:3      | Reached skill level 1 in Poison Magic
  1957 | D:3      | Reached XP level 5. HP: 25/40 MP: 10/12
  1961 | D:3      | Learned a level 3 spell: Spider Form
  2610 | D:3      | Found a runed translucent gate.
  2610 | D:3      | Identified the +0 chain mail of Complete Protection {rPois
                  | Int+2 SInv}
  2611 | D:3      | Found a runed translucent gate.
  2612 | D:3      | Found a runed translucent gate.
  2615 | D:3      | Noticed Soflo's ghost (amateur DjHW)
  2771 | D:3      | Reached XP level 6. HP: 46/47 MP: 7/13
  2894 | D:3      | Reached * piety under Qazlal
  3143 | D:3      | Killed Soflo's ghost
  3144 | D:3      | Reached skill level 5 in Dodging
  3349 | D:4      | Reached XP level 7. HP: 39/52 MP: 12/15
  3682 | D:4      | Reached skill level 7 in Unarmed Combat
  4558 | D:5      | Entered Level 5 of the Dungeon
  4579 | D:5      | Found a stormy altar of Qazlal.
  4625 | D:5      | Learned a level 5 spell: Blade Hands
  4813 | D:5      | Found a hide-covered altar of Uskayaw.
  4998 | D:5      | Reached ** piety under Qazlal
  4999 | D:5      | Reached XP level 8. HP: 10/60 MP: 13/16
  5002 | D:5      | Killed from afar by an orc priest

Illustrated notes

Levels and vault maps discovered:
D:1:      ncdulo_smallfort, layout_basic, serial_shops, nicolae_shop_stone,
          minivault_27
D:2:      layout_loops_ring, basic_altar, st_stairs_5, grunt_decor_junction,
          minmay_fractal_squares_gapless_5
D:3:      layout_loops_cross, biasface_ghost_orc_armoury
D:4:      minmay_opposing_rooms, layout_basic
D:5:      layout_loops_corners, mainiacjoe_overflow_24_doors,
          mainiacjoe_overflow_catwalk_spiral, minmay_temple_entry_poolview,
          minmay_quadrilaterals, uniq_crazy_yiuf_cottage

Skill      XL: |  1  2  3  4  5  6  7 |
---------------+----------------------+-----
Spellcasting   | 5 |  5.8
Invocations    | 1 2 3 |  3.1
Short Blades   | 1 2 |  2.8
Long Blades    | 1 2 |  2.8
Axes           | 1 2 |  2.8
Maces & Flails | 1 2 |  2.8
Polearms       | 1 2 |  2.8
Staves         | 1 2 |  2.8
Slings         | 1 2 |  2.8
Bows           | 1 2 |  2.8
Crossbows      | 1 2 |  2.8
Throwing       | 1 2 |  2.8
Armour         | 1 2 |  2.8
Stealth        | 1 2 |  2.8
Shields        | 1 2 |  2.8
Evocations     | 1 2 |  2.8
Conjurations   | 1 2 |  2.3
Hexes          | 1 2 |  2.3
Summonings     | 1 2 |  2.3
Necromancy     | 1 2 |  2.3
Translocations | 1 2 |  2.3
Fire Magic     | 1 2 |  2.3
Ice Magic      | 1 2 |  2.3
Air Magic      | 1 2 |  2.3
Earth Magic    | 1 2 |  2.3
Poison Magic   | 1 2 |  2.3
Fighting       | 3 |  3.9
Transmutations | 4 |  4.5
Dodging        | 5 |  5.4
Unarmed Combat | 7 |  7.2

Action                   |  1- 3 |  4- 6 |  7- 9 || total
-------------------------+-------+-------+-------++-------
Melee: Unarmed           |    68 |   100 |   101 ||   269
       Kick              |    14 |     4 |       ||    18
       Headbutt          |    10 |     1 |       ||    11
       Bite              |     2 |     1 |     3 ||     6
       Punch             |       |     1 |       ||     1
 Cast: Beastly Appendage |    15 |     6 |       ||    21
       Spider Form       |       |    20 |    18 ||    38
       Wereblood         |       |     1 |     1 ||     2
  Use: Scroll            |       |       |    12 ||    12
       Potion            |       |       |     1 ||     1
 Stab: Sleeping          |     1 |     4 |       ||     5
       Distracted        |       |     1 |       ||     1
Armor: Robe              |    10 |     2 |     2 ||    14
       Skin              |       |     2 |       ||     2
Dodge: Dodged            |    51 |    55 |    61 ||   167
Block: Other             |       |     1 |     2 ||     3

Table legend: (Time is in decaauts)
 A = Elapsed time spent in this place.
 B = Non-inter-level travel time spent in this place.
 C = Inter-level travel time spent in this place.
 D = Time resting spent in this place.
 E = Time spent auto-exploring this place.
 F = Levels seen in this place.
 G = Mean time per level.
                   A        B        C        D        E       F      G
               +--------+--------+--------+--------+--------+-----+--------+
         Total |   4967 |   4832 |    135 |      0 |   4077 |   5 |  993.4 |
       Dungeon |   4967 |   4832 |    135 |      0 |   4077 |   5 |  993.4 |
               +--------+--------+--------+--------+--------+-----+--------+

Top non-repeatable levels by time:
     D:4: 1344 daAuts
     D:3: 1289 daAuts
     D:2: 1031 daAuts
     D:1: 864 daAuts
     D:5: 437 daAuts
